 Seeded DCSS version 0.27-a0-1090-gb115f17 (webtiles) character file.

Game seed: 3437728683516514889 (custom seed)

79 GeorgeSoros the Skirmisher (level 4, -3/49 (57) HPs)
             Began as a Barachi Chaos Knight on Apr 27, 2021.
             Was a Plaything of Xom.
             Slain by a rust devil (6 damage)
             ... summoned by Xom
             ... on level 3 of the Dungeon.
             The game lasted 00:08:44 (2532 turns).

GeorgeSoros the Skirmisher (Barachi Chaos Knight)   Turns: 2532, Time: 00:08:51

HP:   -3/49 (57)    AC: 10    Str: 15    XL:     4   Next: 38%
MP:   4/4           EV:  2    Int: 12    God:    Xom [......]
Gold: 108           SH:  0    Dex: 11    Spells: 3/3 levels left

rFire    . . .     SeeInvis .   f - +2 executioner's axe (pain)
rCold    . . .     Faith    .   (shield currently unavailable)
rNeg     + + +     Spirit   .   (armour currently unavailable)
rPois    +         Reflect  .   (helmet currently unavailable)
rElec    .         Harm     .   (cloak currently unavailable)
rCorr    .         Rampage  .   (gloves currently unavailable)
Will     .....     NoTele   +   (boots currently unavailable)
Stlth    +.........             (no amulet)
HPRegen  0.16/turn              (no ring)
MPRegen  0.09/turn              (no ring)

@: tree-form, corroded, heavily drained
A: stationary, stasis, torment immunity, boosted hp, (amphibious), (slowness 1),
(strong legs 1), +LOS, (large bone plates 1), (deformed body)
a: Renounce Religion


You were on level 3 of the Dungeon.
You worshipped Xom.
You were a very special plaything of Xom.
You were a tree.
You visited 1 branch of the dungeon, and saw 3 of its levels.

You collected 108 gold pieces.

Inventory:

Hand Weapons
 a - a +1 short sword of chaos
 f - a +2 executioner's axe of pain (weapon)
Missiles
 c - 33 poisoned darts
Armour
 b - a +2 leather armour (melded)
 e - a +0 helmet (melded)
Potions
 d - 2 potions of curing


   Skills:
 + Level 4.6 Fighting
 - Level 4.1 Short Blades
 + Level 0.2 Axes
 + Level 3.4 Armour
 - Level 1.3 Dodging
 + Level 0.1 Necromancy


You had 3 spell levels left.
You didn't know any spells.
Your spell library contained the following spells:

 Spells                   Type           Power      Damage    Failure   Level
 Corona                   Hex            0%         N/A       32%         1
 Ensorcelled Hibernation  Hex/Ice        0%         N/A       45%         2
 Confusing Touch          Hex            0%         N/A       69%         3
 Dazzling Flash           Conj/Hex       0%         N/A       69%         3
 Tukima's Dance           Hex            0%         N/A       69%         3


Dungeon Overview and Level Annotations

Branches:
Dungeon (3/15)

Altars:


Innate Abilities, Weirdness & Mutations

You are a tree.
Your roots penetrate the ground, keeping you stationary.
You cannot be teleported.
You are immune to unholy pain and torment.
Your maximum health is greatly increased.
Your equipment is partially melded.
((You are amphibious.))
((You cover ground slowly.))
((You can hop short distances.))
You have an extended range of vision and can be seen from far away.
((You are partially covered in large bone plates. (SH +4)))
((Armour fits poorly on your strangely shaped body.))


Message History

Things that are here:
a +0 club; a goblin corpse You now have 108 gold pieces (gained 13).
Found a stone staircase leading down.
A kobold comes into view. It is wielding a +0 short sword.
The kobold shouts!
You closely miss the kobold.
The kobold hits you with a +0 short sword.
The kobold hits you but does no damage.
You closely miss the kobold.
The kobold hits you with a +0 short sword. x2
You slash the kobold!
You kill the kobold!
No target in view!
HP restored.
Things that are here:
a +0 short sword; 3 stones "Let's see if it's strong enough to survive yet." "You need some minor improvements, mortal!"
Your body is suffused with distortional energy.
You feel healthier.
You aren't carrying any scrolls.
The rust devil hits you. The rust devil corrodes you!
There is a stone staircase leading down here.
The rust devil hits you! The rust devil corrodes you!
Found a fuming grey potion.
The rust devil hits you! The rust devil corrodes you!
You completely miss the rust devil. The rust devil hits you.
The rust devil corrodes you! The rust devil closely misses you.
You hit the rust devil but do no damage.
The rust devil hits you. The rust devil corrodes you! The rust devil hits you!
* * * LOW HITPOINT WARNING * * *
The rust devil corrodes you!
It was a potion of lignification.
You turn into a tree.
Your +0 helmet melds into your body.
Your +2 leather armour melds into your body.
Your roots penetrate the ground.
Xom thinks this is hilarious!
The rust devil hits you.
You die...

########......###....#
#...#....+....#
#...#..###....#
#...#..# #....###
#...#..# #......+
#......# #......#
#####.##)###....#.#
.............>#.#.#
######.#♣###.##.###
#####.#4# #.##..
.....#.###.####...
#..#.............
#...####.#####..!
#............ ..
####..###.####
#...........#
#.###)###..##


You could see a rust devil (summoned).

Vanquished Creatures
  Robin (D:2)
  A worm (D:2)
  A dart slug (D:1)
  6 ball pythons
  5 endoplasms
  3 giant cockroaches
  13 goblins
  5 hobgoblins
  3 jackals (D:1)
  2 quokkas (D:1)
  A bat (D:1)
  4 frilled lizards
  5 kobolds
  4 rats
54 creatures vanquished.

Vanquished Creatures (collateral kills)
  A hobgoblin (D:1)
  A jackal (D:1)
2 creatures vanquished.

Grand Total: 56 creatures vanquished

Notes
Turn   | Place    | Note
-------+----------+-------------------------------------------
     0 | D:1      | GeorgeSoros the Barachi Chaos Knight began the quest for
                  | the Orb.
     0 | D:1      | Reached XP level 1. HP: 18/18 MP: 1/1
   186 | D:1      | Reached XP level 2. HP: 23/25 MP: 2/2
   231 | D:1      | XOM: silly message
   329 | D:1      | XOM: smoke on damage
   420 | D:1      | Found a faded altar of an unknown god.
   490 | D:1      | XOM: enchant monster (bad)
   599 | D:1      | Reached XP level 3. HP: 30/30 MP: 3/3
   890 | D:1      | XOM: silly message
  1060 | D:1      | XOM: smoke on damage
  1180 | D:1      | XOM: silly message
  1308 | D:2      | Noticed Robin
  1318 | D:2      | Killed Robin
  1320 | D:2      | XOM: potion effect (curing)
  1337 | D:2      | Reached XP level 4. HP: 21/38 MP: 4/4
  2008 | D:2      | XOM: god gift: runed executioner's axe {god gift}
  2026 | D:2      | XOM: draining
  2136 | D:2      | XOM: scenery: 2 doors close
  2246 | D:2      | XOM: give mutations
  2246 | D:2      | Gained mutation: You are partially covered in large bone
                  | plates. (SH +4) [Xom's mischief]
  2246 | D:2      | Gained mutation: Armour fits poorly on your strangely
                  | shaped body. [Xom's mischief]
  2246 | D:2      | Gained mutation: Your body sometimes deteriorates upon
                  | taking damage. [Xom's mischief]
  2504 | D:3      | XOM: summons 1 hostile demon
  2505 | D:3      | Noticed a rust devil
  2514 | D:3      | XOM: give mutation
  2514 | D:3      | Lost mutation: Your body sometimes deteriorates upon taking
                  | damage. [Xom's mischief]
  2532 | D:3      | Slain by a rust devil

Illustrated notes

Levels and vault maps discovered:
D:1:      wander_arrival_fairy_ring, layout_loops_corners,
          ebering_ecumenical_altar_abandoned, grunt_decor_cap
D:2:      layout_basic, uniq_robin
D:3:      layout_basic, grunt_ministairs_15, minmay_snake_closets

Skill      XL: |  1  2  3 |
---------------+----------+-----
Fighting       | 4 |  4.6
Armour         | 3 |  3.4
Short Blades   | 4 |  4.1
Axes           | |  0.2
Dodging        | |  1.3
Necromancy     | |  0.1

Action                   |  1- 3 |  4- 6 || total
-------------------------+-------+-------++-------
Melee: Short sword       |   119 |    30 ||   149
       Executioner's axe |       |    27 ||    27
  Use: Scroll            |     2 |     3 ||     5
       Potion            |       |     1 ||     1
Armor: Leather armour    |    30 |    13 ||    43
Dodge: Dodged            |    47 |    34 ||    81
Block: Other             |       |     2 ||     2

Table legend: (Time is in decaauts)
 A = Elapsed time spent in this place.
 B = Non-inter-level travel time spent in this place.
 C = Inter-level travel time spent in this place.
 D = Time resting spent in this place.
 E = Time spent auto-exploring this place.
 F = Levels seen in this place.
 G = Mean time per level.
                   A        B        C        D        E       F      G
               +--------+--------+--------+--------+--------+-----+--------+
         Total |   2831 |   2759 |     72 |    199 |   2081 |   3 |  943.7 |
       Dungeon |   2831 |   2759 |     72 |    199 |   2081 |   3 |  943.7 |
               +--------+--------+--------+--------+--------+-----+--------+

Top non-repeatable levels by time:
     D:1: 1416 daAuts
     D:2: 1213 daAuts
     D:3: 200 daAuts
